 Dungeon Crawl Stone Soup version 0.26-a0-854-gdc81c2f471 (webtiles) character file.

Game seed: 2187052713577943909

2837 jestyr24 the Destroyer (level 9, -6/74 HPs)
             Began as a Green Draconian Conjurer on Nov 22, 2020.
             Was a Follower of Qazlal.
             Mangled by Harold
             ... wielding a +0 battleaxe
              (16 damage)
             ... on level 7 of the Dungeon on Nov 23, 2020.
             The game lasted 00:55:57 (8131 turns).

jestyr24 the Destroyer (Green Draconian Conjurer)   Turns: 8131, Time: 00:55:57

Health: -6/74      AC: 10    Str: 10    XL:     9   Next: 46%
Magic:  12/19      EV:  6    Int: 22    God:    Qazlal [*.....]
Gold:   301        SH:  0    Dex:  9    Spells: 15/22 levels left

rFire    . . .     SeeInvis .   E - +3 hand axe (flame)
rCold    . . .     Faith    .   (no shield)
rNeg     . . .     Spirit   .   (armour unavailable)
rPois    +         Reflect  .   (helmet restricted)
rElec    .         Harm     .   (no cloak)
rCorr    .         Rampage  .   (no gloves)
MR       .....                  B - +2 pair of boots
Stlth    +++.......             b - amulet of magic regeneration
HPRegen  0.22/turn              j - ring of stealth
MPRegen  0.41/turn              (no ring)

@: about to teleport, held
A: breathe noxious fumes, unfitting armour, poison resistance, cold-blooded, AC
+7
a: Breathe Noxious Fumes, Renounce Religion


You were on level 7 of the Dungeon.
You worshipped Qazlal.
Qazlal was aware of your devotion.
You visited 1 branch of the dungeon, and saw 7 of its levels.

You collected 301 gold pieces.

Inventory:

Hand Weapons
 C - a +3 dagger of venom
 E - a +3 hand axe of flaming (weapon)
Missiles
 o - 5 javelins (quivered)
 r - 33 poisoned darts
 v - 62 stones
 D - 5 silver boomerangs
Armour
 B - a +2 pair of boots (worn)
Jewellery
 b - an amulet of magic regeneration (around neck)
 j - a ring of stealth (left hand)
Wands
 l - a wand of iceblast (10)
 y - a wand of flame (11)
Scrolls
 e - 3 scrolls of immolation {unknown}
 h - 9 scrolls of identify
 k - 5 scrolls of remove curse
 m - a scroll of amnesia {unknown}
 n - 6 scrolls of teleportation
 q - 3 scrolls of fog
 s - 5 scrolls of fear
 t - a scroll of magic mapping {unknown}
 z - a scroll of enchant armour
Potions
 a - 2 potions of haste {unknown}
 c - 2 potions of lignification
 d - 2 potions of heal wounds
 f - 2 potions of might
 w - 2 potions of flight {unknown}
 x - 2 potions of curing
 A - a potion of mutation {unknown}
 G - a potion of berserk rage {unknown}


   Skills:
 + Level 5.2 Fighting
 - Level 0.7 Short Blades
 - Level 2.3 Staves
 - Level 2.7 Dodging
 + Level 4.7 Stealth
 + Level 0.2 Shields
 + Level 7.2 Spellcasting
 + Level 8.5 Conjurations


You had 15 spell levels left.
You knew the following spells:

 Your Spells              Type           Power        Failure   Level
a - Magic Dart            Conj           ####         1%          1
b - Searing Ray           Conj           #####.       1%          2
c - Iskenderun's Mystic   Conj/Tloc      ####....     14%         4

Your spell library contained the following spells:

 Spells                   Type           Power        Failure   Level
 Dazzling Flash           Conj/Hex       ####..       4%          3
 Fulminant Prism          Conj/Hex       ####......   14%         4


Dungeon Overview and Level Annotations

Branches:
Dungeon (7/15)
 Temple: D:4-7

Altars:
Ashenzari
Dithmenos
Gozag
Makhleb
Okawaru
Qazlal
Wu Jian
Xom
Yredelemnul
Zin
The Shining One

Annotations:
D:7 Harold


Innate Abilities, Weirdness & Mutations

You can breathe blasts of noxious fumes.
Your lurid green scales are hard. (AC +7)
You cannot fit into any form of body armour.
Your system is resistant to poisons. (rPois)
You are cold-blooded and may be slowed by cold attacks.


Message History

You are poisoned.
The water moccasin poisons you! Harold hits you with a +0 battleaxe!
* * * LOW HITPOINT WARNING * * *
A leopard gecko comes into view.
The leopard gecko hisses angrily.
The searing ray hits Harold!
Harold is heavily wounded.
You finish channeling your searing ray.
You feel sick. The water moccasin barely misses you.
The water moccasin bites you.
* * * LOW HITPOINT WARNING * * *
You are lethally poisoned!
The water moccasin poisons you! Harold hits you with a +0 battleaxe!
* * * LOW HITPOINT WARNING * * *
You feel better.
The water moccasin bites you but does no damage.
As you read the scroll of teleportation, it crumbles to dust.
You feel strangely unstable.
The water moccasin bites you but does no damage.
Harold hits you with a +0 battleaxe!
You die...

#.# #### #.# .....
#.# .... #.###
...#...# #.#.#.#
###.#.l☼..#
......@@..#
###.#.S#.##########
#..#.#........#
#..#.#........#
#..#'#........#
#.............#
#.............#
####
#.............#
#...
...........######
#...


You could see Harold, a water moccasin and a leopard gecko.

Vanquished Creatures
  Pikel (D:7)
  Duvessa (D:5)
  A water moccasin (D:5)
  An orc warrior (D:6)
  4 sky beasts
  3 ogres
  A centaur (D:6)
  2 big kobolds (D:7)
  2 bullfrogs
  Dowan (D:5)
  3 scorpions
  5 killer bees (D:7)
  A howler monkey (D:5)
  A jelly (D:7)
  A centaur zombie (D:7)
  4 hounds
  A bullfrog zombie (D:5)
  2 orc priests
  3 orc wizards
  2 worker ants
  A hound zombie (D:5)
  A howler monkey zombie (D:5)
  14 adders
  An ufetubus (D:6)
  3 oozes
  3 adder skeletons
  2 dart slugs
  3 leopard geckos
  28 orcs
  9 ball pythons (D:2)
  5 giant cockroaches
  5 hobgoblins
  6 jackals (D:4)
  3 quokkas
  2 bats
  4 frilled lizards
  8 goblins
  31 kobolds
  A quokka skeleton (D:5)
  A quokka zombie (D:7)
  6 rats
177 creatures vanquished.

Vanquished Creatures (others)
  49 plants (D:7)
49 creatures vanquished.

Grand Total: 226 creatures vanquished

Notes
Turn   | Place    | Note
-------+----------+-------------------------------------------
     0 | D:1      | jestyr24 the Draconian Conjurer began the quest for the
                  | Orb.
     0 | D:1      | Reached XP level 1. HP: 14/14 MP: 3/3
   382 | D:1      | Reached XP level 2. HP: 20/20 MP: 3/5
  1388 | D:2      | Reached XP level 3. HP: 26/26 MP: 0/6
  2320 | D:2      | Reached XP level 4. HP: 33/33 MP: 5/8
  2564 | D:3      | Reached skill level 5 in Conjurations
  2567 | D:3      | Learned a level 2 spell: Searing Ray
  2572 | D:3      | Learned a level 4 spell: Iskenderun's Mystic Blast
  3008 | D:3      | Reached XP level 5. HP: 27/38 MP: 4/9
  3530 | D:4      | Reached skill level 1 in Staves
  3752 | D:4      | Noticed an ogre
  3760 | D:4      | Killed an ogre
  3761 | D:4      | Reached skill level 1 in Fighting
  3761 | D:4      | Reached XP level 6. HP: 28/47 MP: 1/10
  4620 | D:4      | Found a burning altar of Makhleb.
  4923 | D:5      | Entered Level 5 of the Dungeon
  5032 | D:5      | Your scales start taking on a lurid green colour.
  5032 | D:5      | Reached XP level 7. HP: 41/53 MP: 2/12
  5032 | D:5      | Gained mutation: Your system is resistant to poisons.
                  | (rPois) [Green Draconian growth]
  5259 | D:5      | Noticed Dowan
  5267 | D:5      | Noticed Duvessa
  5273 | D:5      | Killed Dowan
  5297 | D:5      | Killed Duvessa
  5298 | D:5      | Reached skill level 6 in Conjurations
  5605 | D:5      | Found a shadowy altar of Dithmenos.
  5622 | D:5      | Found a shimmering altar of Xom.
  5622 | D:5      | Found an opulent altar of Gozag.
  5626 | D:5      | Found a glowing silver altar of Zin.
  5741 | D:5      | Reached XP level 8. HP: 62/62 MP: 5/15
  5769 | D:5      | Reached skill level 5 in Spellcasting
  5769 | D:5      | Found a glowing golden altar of the Shining One.
  5998 | D:6      | Upgraded the game from 0.26-a0-852-g6321bf7485 to
                  | 0.26-a0-854-gdc81c2f471
  6243 | D:6      | Found a basalt altar of Yredelemnul.
  6246 | D:6      | Found an ornate altar of the Wu Jian Council.
  6249 | D:6      | Found a stormy altar of Qazlal.
  6252 | D:6      | Found an iron altar of Okawaru.
  6290 | D:6      | Became a worshipper of Qazlal Stormbringer
  6553 | D:6      | Reached skill level 7 in Conjurations
  7018 | D:7      | Reached * piety under Qazlal
  7332 | D:7      | Found a broken altar of Ashenzari.
  7442 | D:7      | Reached XP level 9. HP: 26/72 MP: 12/18
  7536 | D:7      | Noticed Pikel
  7556 | D:7      | Killed Pikel
  7557 | D:7      | Reached skill level 5 in Fighting
  7557 | D:7      | Reached skill level 8 in Conjurations
  8120 | D:7      | Noticed Harold
  8131 | D:7      | Mangled by Harold

Illustrated notes

Levels and vault maps discovered:
D:1:      dpeg_arrival_solitude, layout_basic, minmay_ruptured
D:2:      layout_loops_corners, minmay_snake_closets
D:3:      layout_basic
D:4:      layout_loops_ring, makhleb_heckhound_becter
D:5:      layout_basic, old_standard_altar, nicolae_overflow_hidden_temple,
          serial_undead, serial_undead_c, serial_undead_d, serial_undead_d,
          serial_undead_e, item_on_display_a, uniq_duvessa
D:6:      layout_loops_corners, grunt_temple_overflow_cloverleaf
D:7:      kennysheep_kobold_camp, layout_basic,
          nemelex_xobeh_ov_fountains_minmay, minmay_temple_entry_statues,
          serial_shops, shop, nicolae_ashenzari_panopticon, uniq_harold,
          uniq_pikel

Skill      XL: |  1  2  3  4  5  6  7  8  9 |
---------------+----------------------------+-----
Dodging        | 2 |  2.7
Stealth        | 2 3 4 |  4.7
Spellcasting   | 3 4 6 7 |  7.2
Conjurations   | 5 6 7 8 |  8.5
Staves         | 2 |  2.3
Fighting       | 1 2 4 5 |  5.2
Short Blades   | |  0.7
Shields        | |  0.2

Action                   |  1- 3 |  4- 6 |  7- 9 || total
-------------------------+-------+-------+-------++-------
Melee: Unarmed           |    15 |       |       ||    15
       Tailslap          |     4 |     9 |    16 ||    29
       Short sword       |     9 |    18 |       ||    27
       Quarterstaff      |       |    53 |    39 ||    92
       Hand axe          |       |       |    81 ||    81
       Dagger            |       |       |     6 ||     6
 Cast: Magic Dart        |    68 |    52 |    19 ||   139
       Searing Ray       |       |    21 |    56 ||    77
 Abil: Breathe Noxious F |       |       |     2 ||     2
  Use: Potion            |       |       |     7 ||     7
       Scroll            |       |       |    13 ||    13
 Stab: Sleeping          |       |     5 |       ||     5
Armor: Skin              |    12 |    34 |    95 ||   141
Dodge: Dodged            |    34 |    53 |   106 ||   193
Block: Other             |       |       |     4 ||     4

Table legend: (Time is in decaauts)
 A = Elapsed time spent in this place.
 B = Non-inter-level travel time spent in this place.
 C = Inter-level travel time spent in this place.
 D = Time resting spent in this place.
 E = Time spent auto-exploring this place.
 F = Levels seen in this place.
 G = Mean time per level.
                   A        B        C        D        E       F      G
               +--------+--------+--------+--------+--------+-----+--------+
         Total |   8173 |   7954 |    219 |   2140 |   3727 |   7 | 1167.6 |
       Dungeon |   8173 |   7954 |    219 |   2140 |   3727 |   7 | 1167.6 |
               +--------+--------+--------+--------+--------+-----+--------+

Top non-repeatable levels by time:
     D:4: 1679 daAuts
     D:2: 1364 daAuts
     D:7: 1229 daAuts
     D:6: 1138 daAuts
     D:1: 1135 daAuts
     D:3: 1020 daAuts
     D:5: 605 daAuts
